 Dungeon Crawl Stone Soup version 0.22-a0-166-g5351223 (webtiles) character file.

16270 Slobodan the Grappler (level 12, -1/64 HPs)
             Began as a Vine Stalker Transmuter on Feb 13, 2018.
             Was a Follower of Uskayaw.
             Slain by a seven-headed hydra (4 damage)
             ... on level 2 of the Lair of Beasts.
             The game lasted 02:53:10 (8221 turns).

Slobodan the Grappler (Vine Stalker Transmuter)     Turns: 8221, Time: 02:53:18

Health: -1/64      AC:  5    Str: 18    XL:     12   Next: 35%
Magic:  0/19       EV:  2    Int: 13    God:    Uskayaw [*.....]
Gold:   654        SH:  0    Dex: 22    Spells: 4/19 levels left

rFire    + . .     SeeInvis .     - Unarmed
rCold    . . .     Gourm    .   (no shield)
rNeg     + + +     Faith    .   m - +1 robe {rF+}
rPois    ∞         Spirit   +   G - +0 hat
rElec    .         Reflect  .   F - +1 cloak {rPois}
rCorr    .         Harm     .   (no gloves)
MR       +....                  (no boots)
Stlth    ++++......             (no amulet)
HPRegen  1.00/turn              f - +3 ring of dexterity
MPRegen  0.16/turn              (no ring)

@: petrified
A: fangs 3, hooves 1, thin skeletal structure 1, agile 1, regeneration 2,
evolution 1, magic shield, antimagic bite, no potion heal 3, rot immunity
a: Stomp, Renounce Religion


You were on level 2 of the Lair of Beasts.
You worshipped Uskayaw.
Uskayaw was noncommittal.
You were not hungry.

You visited 2 branches of the dungeon, and saw 12 of its levels.

You collected 654 gold pieces.

Inventory:

Hand Weapons
 s - a +3 hunting sling of freezing
Missiles
 a - 120 arrows
 C - 21 sling bullets
Armour
 m - a +1 robe of fire resistance (worn)
 F - a +1 cloak of poison resistance (worn)
 G - a +0 hat (worn)
Jewellery
 f - a +3 ring of dexterity (left hand)
 n - a +2 ring of evasion {unknown}
 K - a cursed amulet of inaccuracy {unknown}
Wands
 e - a wand of random effects (24)
 i - a wand of flame (4)
 v - a wand of polymorph (15)
 z - a wand of digging (10)
 E - a wand of enslavement (33)
Scrolls
 b - 2 scrolls of fog {unknown}
 g - 5 scrolls of teleportation
 k - a scroll of magic mapping
 o - 2 scrolls of brand weapon {unknown}
 x - 6 scrolls of remove curse
 y - a scroll of enchant weapon
 B - 2 scrolls of fear
 H - a scroll of vulnerability {unknown}
 J - 2 scrolls of enchant armour {unknown}
Potions
 h - a potion of resistance
 l - 3 potions of flight
 p - 2 potions of agility
 q - 3 potions of brilliance
 r - 2 potions of haste {unknown}
 t - a potion of invisibility {unknown}
 w - a potion of lignification {unknown}
 A - 3 potions of might
 D - 2 potions of berserk rage {unknown}
 I - 3 potions of curing
 M - a potion of cancellation {unknown}
Books
 c - a book of Changes

   Spells                             Type                      Level
   a - Beastly Appendage              Transmutation                1
   b - Sticks to Snakes               Transmutation                2
   c - Spider Form                    Transmutation/Poison         3
   d - Ice Form                       Ice/Transmutation            4
   e - Blade Hands                    Transmutation                5
 j - a book of the Sky

   Spells                             Type                      Level
   a - Summon Lightning Spire         Summoning/Air                4
   b - Silence                        Hexes/Air                    5
   c - Deflect Missiles               Charms/Air                   6
   d - Conjure Ball Lightning         Conjuration/Air              6
   e - Tornado                        Air                          9
 u - a book of Flames

   Spells                             Type                      Level
   a - Flame Tongue                   Conjuration/Fire             1
   b - Throw Flame                    Conjuration/Fire             2
   c - Conjure Flame                  Conjuration/Fire             3
   d - Inner Flame                    Hexes/Fire                   3
   e - Sticky Flame                   Conjuration/Fire             4
   f - Fireball                       Conjuration/Fire             5
Comestibles
 d - 27 rations
 L - 7 chunks of flesh


   Skills:
 + Level 7.7 Fighting
 - Level 7.0 Dodging
 - Level 4.8 Stealth
 + Level 12.1 Unarmed Combat
 - Level 4.0 Spellcasting
 - Level 7.0 Transmutations
 - Level 5.0 Ice Magic
 - Level 3.0 Poison Magic
 + Level 3.1 Invocations


You had 4 spell levels left.
You knew the following spells:

 Your Spells              Type           Power        Failure   Level  Hunger
a - Beastly Appendage     Tmut           ###...       1%          1    None
b - Sticks to Snakes      Tmut           ###.....     1%          2    ##.....
c - Spider Form           Tmut/Pois      ###.......   8%          3    ###....
d - Ice Form              Ice/Tmut       ###.....     17%         4    ####...
e - Blade Hands           Tmut           ###.......   32%         5    ######.


Dungeon Overview and Level Annotations

Branches:
Dungeon (10/15)            Temple (0/1) D:6            Lair (2/6) D:9
  Swamp: Lair:2-4    Shoals: Lair:2-4     Snake: Lair:2-4    Spider: Lair:2-4
    Orc: D:9-12

Altars:
Ru
Uskayaw


Innate Abilities, Weirdness & Mutations

You have razor-sharp teeth.
You heal very quickly.
When hurt, damage is shared between your health and your magic reserves.
Your bite disrupts and absorbs the magic of your enemies.
Potions cannot restore your health.
You are immune to rotting.
You have large cloven feet.
You have a somewhat thin skeletal structure. (Dex +2, Stealth)
You are agile. (Dex +2)
You evolve.


Message History

The basilisk hisses angrily.
The seven-headed hydra bites you. x2; The seven-headed hydra bites you! x2
The seven-headed hydra bites you. x2; The seven-headed hydra bites you!
The seven-headed hydra bites you. The seven-headed hydra bites you! x2
The seven-headed hydra bites you. x2
The seven-headed hydra bites you but does no damage.
The seven-headed hydra bites you. The seven-headed hydra bites you!
* * * LOW HITPOINT WARNING * * *
The seven-headed hydra bites you!
* * * LOW HITPOINT WARNING * * *
The seven-headed hydra bites you!
* * * LOW HITPOINT WARNING * * *
The seven-headed hydra bites you but does no damage.
The seven-headed hydra bites you.
* * * LOW HITPOINT WARNING * * *
The seven-headed hydra bites you!
* * * LOW HITPOINT WARNING * * *
The seven-headed hydra bites you!
You die...

### ## ##.###.### ##
#############........## #
.####.#..#.##.#.PP........#.P
.............................
.[÷..........................
...†.............D...........
#.#.#....#..#...@#.....?.#...
##......#.###...##...........
##........#....##.......P...
......####..............P....
......#≈≈..........l.........
.......≈≈P.##..........D.....
......##≈#.##....(...........
.................#......P....
#.#..............#...!......P


You could see a seven-headed hydra.

Vanquished Creatures
  2 hydras
  3 two-headed ogres
  4 spiny frogs
  A komodo dragon (Lair:2)
  A troll (D:10)
  9 hippogriffs
  8 blink frogs
  13 yaks
  A wraith (D:10)
  2 basilisks
  Edmund (D:5)
  A naga (D:9)
  A water moccasin (Lair:1)
  3 porcupines
  An ice beast (D:7)
  2 orc warriors
  3 sky beasts
  2 black bears
  An ogre (D:7)
  A phantom (D:10)
  A centaur (D:6)
  A necrophage (D:7)
  9 wolves
  3 crocodiles
  A big kobold (D:10)
  9 bullfrogs
  2 wyvern zombies
  Dowan (D:5)
  A wyvern skeleton (D:5)
  4 scorpions
  5 killer bees
  3 wights (D:8)
  2 electric eels (D:9)
  A howler monkey (D:4)
  3 crimson imps
  A centaur zombie (D:6)
  10 hounds
  The ghost of Amnesiac the Digger, a weakling SpEE (D:4)
  A jelly (D:8)
  4 orc priests
  Crazy Yiuf (D:3)
  10 orc wizards
  An iguana (D:6)
  Ijyb (D:5)
  Terence (D:3)
  4 worker ants
  Robin (D:3)
  A howler monkey zombie (D:6)
  A worker ant zombie (D:10)
  8 gnolls (D:3)
  A howler monkey skeleton (D:6)
  13 adders
  A shadow imp (D:5)
  4 oozes
  2 adder skeletons
  2 dart slugs (D:1)
  4 leopard geckos
  33 orcs
  7 giant cockroaches
  10 hobgoblins
  5 jackals
  A quokka (D:4)
  2 ball pythons (D:3)
  7 bats
  4 frilled lizards
  9 goblins
  2 jackal skeletons
  10 kobolds
  A quokka skeleton (D:4)
  10 rats
280 creatures vanquished.

Vanquished Creatures (collateral kills)
  Pikel (D:5)
  A troll (D:9)
  Sigmund (D:2)
  Duvessa (D:5)
  A water moccasin (D:5)
  2 slaves (D:5)
  An iguana (D:5)
  A killer bee (D:8)
  A jelly (D:8)
  An orc priest (D:8)
  A hound (D:10)
  Jessica (D:2)
  A hound skeleton (D:9)
  A howler monkey skeleton (D:3)
  A worker ant zombie (D:8)
  An adder (D:3)
  An adder skeleton (D:5)
  3 orcs
  A giant cockroach (D:8)
  2 goblins (D:3)
  2 hobgoblins (D:3)
  A jackal (D:2)
  2 quokkas
29 creatures vanquished.

Vanquished Creatures (others)
  An ice beast (D:5)
  A bullfrog (D:10)
  A scorpion (D:5)
  A killer bee (D:8)
  3 fungi (Lair:2)
  12 plants
19 creatures vanquished.

Grand Total: 328 creatures vanquished

Notes
Turn   | Place    | Note
-------+----------+-------------------------------------------
     0 | D:1      | Slobodan the Vine Stalker Transmuter began the quest for the Orb.
     0 | D:1      | Reached XP level 1. HP: 9/9 MP: 4/4
    65 | D:1      | Reached skill level 1 in Fighting
   403 | D:1      | Reached XP level 2. HP: 14/14 MP: 4/6
   407 | D:1      | Learned a level 2 spell: Sticks to Snakes
   865 | D:2      | Reached skill level 4 in Unarmed Combat
   865 | D:2      | Reached XP level 3. HP: 14/18 MP: 7/7
   870 | D:2      | Learned a level 3 spell: Spider Form
  1147 | D:2      | Reached skill level 1 in Poison Magic
  1286 | D:2      | Gained mutation: Your natural rate of healing is unusually fast. [Vine Stalker growth]
  1286 | D:2      | Reached XP level 4. HP: 22/22 MP: 6/8
  1349 | D:2      | Noticed Sigmund
  1350 | D:2      | Noticed Jessica
  1380 | D:2      | Killed Sigmund
  1380 | D:2      | Reached XP level 5. HP: 25/25 MP: 0/9
  1388 | D:2      | Killed Jessica
  1646 | D:3      | Found a runed door.
  1750 | D:3      | Noticed Terence
  1862 | D:3      | Killed Terence
  2069 | D:3      | Reached XP level 6. HP: 29/30 MP: 5/10
  2215 | D:3      | Noticed Robin
  2269 | D:3      | Killed Robin
  2414 | D:3      | Noticed Crazy Yiuf
  2425 | D:3      | Killed Crazy Yiuf
  2600 | D:4      | Found a hide-covered altar of Uskayaw.
  2619 | D:4      | Became a worshipper of Uskayaw the Reveler
  2682 | D:4      | Reached * piety under Uskayaw
  2683 | D:4      | Reached ** piety under Uskayaw
  2689 | D:4      | Reached skill level 5 in Unarmed Combat
  2719 | D:4      | Noticed Amnesiac's ghost (weakling SpEE)
  2735 | D:4      | Killed Amnesiac's ghost
  2735 | D:4      | Reached XP level 7. HP: 33/35 MP: 11/11
  2983 | D:4      | Reached *** piety under Uskayaw
  3189 | D:5      | Entered Level 5 of the Dungeon
  3208 | D:5      | Reached skill level 6 in Unarmed Combat
  3269 | D:5      | Noticed Edmund
  3334 | D:5      | Killed Edmund
  3334 | D:5      | Reached skill level 1 in Stealth
  3429 | D:5      | Noticed Ijyb
  3449 | D:5      | Killed Ijyb
  3449 | D:5      | Gained mutation: You have razor-sharp teeth. [Vine Stalker growth]
  3449 | D:5      | Reached XP level 8. HP: 36/40 MP: 4/12
  3714 | D:5      | Reached skill level 7 in Unarmed Combat
  3773 | D:5      | Noticed Duvessa
  3778 | D:5      | Noticed Dowan
  3786 | D:5      | Killed Duvessa
  3787 | D:5      | Killed Dowan
  3800 | D:5      | Noticed Pikel
  3812 | D:5      | Killed Pikel
  3812 | D:5      | Reached skill level 8 in Unarmed Combat
  4082 | D:6      | Learned a level 4 spell: Ice Form
  4099 | D:6      | Reached XP level 9. HP: 46/46 MP: 11/13
  4119 | D:6      | Reached skill level 5 in Fighting
  4119 | D:6      | Reached **** piety under Uskayaw
  4148 | D:6      | Found a staircase to the Ecumenical Temple.
  4171 | D:6      | Found a hide-covered altar of Uskayaw.
  4753 | D:6      | Gained mutation: You are covered in fur. (AC +1) [potion of mutation]
  4753 | D:6      | Gained mutation: You are dopey. (Int -2) [potion of mutation]
  4753 | D:6      | Gained mutation: You have large cloven feet. [potion of mutation]
  4754 | D:6      | Lost mutation: You are dopey. (Int -2) [potion of mutation]
  4754 | D:6      | Lost mutation: You are covered in fur. (AC +1) [potion of mutation]
  4754 | D:6      | Gained mutation: You expend magic power (3 MP) to strengthen your wands. [potion of mutation]
  4754 | D:6      | Gained mutation: You evolve. [potion of mutation]
  4754 | D:6      | Gained mutation: You are agile. (Dex +2) [potion of mutation]
  4754 | D:6      | Gained mutation: You have a somewhat thin skeletal structure. (Dex +2, Stealth) [potion of mutation]
  4775 | D:7      | Reached skill level 9 in Unarmed Combat
  4831 | D:7      | Found a sacrificial altar of Ru.
  5133 | D:8      | Noticed a two-headed ogre
  5134 | D:8      | Killed a two-headed ogre
  5134 | D:8      | Reached skill level 5 in Dodging
  5134 | D:8      | Reached skill level 10 in Unarmed Combat
  5134 | D:8      | Reached XP level 10. HP: 51/51 MP: 14/14
  5346 | D:8      | Reached skill level 1 in Ice Magic
  5592 | D:9      | Reached skill level 5 in Transmutations
  5707 | D:9      | Lost mutation: You expend magic power (3 MP) to strengthen your wands. [evolution]
  5722 | D:9      | Noticed Psyche
  5729 | D:9      | Noticed Psyche
  5740 | D:9      | Killed Psyche the naga
  6027 | D:9      | Found a staircase to the Lair.
  6210 | D:10     | Entered Level 10 of the Dungeon
  6254 | D:10     | Noticed a two-headed ogre
  6316 | D:10     | Killed a two-headed ogre
  6526 | D:10     | Reached skill level 5 in Ice Magic
  6572 | D:10     | Noticed a tengu warrior
  6707 | D:10     | Noticed a two-headed ogre
  6826 | D:10     | Killed a two-headed ogre
  6826 | D:10     | Reached XP level 11. HP: 41/55 MP: 4/17
  7006 | D:10     | Reached skill level 11 in Unarmed Combat
  7151 | Lair:1   | Entered Level 1 of the Lair of Beasts
  7180 | Lair:1   | Reached ***** piety under Uskayaw
  7215 | Lair:1   | Noticed a five-headed hydra
  7406 | Lair:1   | Learned a level 5 spell: Blade Hands
  7560 | Lair:1   | Reached skill level 12 in Unarmed Combat
  7636 | Lair:1   | Noticed an eight-headed hydra
  7679 | Lair:1   | Killed an eight-headed hydra
  8072 | Lair:2   | Gained mutation: You heal very quickly. [Vine Stalker growth]
  8072 | Lair:2   | Reached XP level 12. HP: 52/62 MP: 12/19
  8074 | Lair:2   | Noticed a five-headed hydra
  8086 | Lair:2   | Reached skill level 1 in Invocations
  8087 | Lair:2   | Killed a five-headed hydra
  8178 | Lair:2   | Reached ****** piety under Uskayaw
  8208 | Lair:2   | Noticed a seven-headed hydra
  8221 | Lair:2   | HP: 3/64 [seven-headed hydra (7)]
  8221 | Lair:2   | Slain by a seven-headed hydra

Vault maps used:
D:1:      dpeg_arrival_simpleton_b, minivault_23
D:2:      wad_river_or_something, first_ration, uniq_sigmund, uniq_jessica
D:3:      uniq_crazy_yiuf_cottage, uniq_robin, uniq_terence
D:4:      eat_drink_and_be_merry_uskayaw, fountainhead
D:5:      uniq_ijyb, uniq_pikel, uniq_duvessa, uniq_edmund
D:6:      minmay_temple_entry_grid, basic_altar
D:7:      basic_altar
D:9:      erik_lair_island, uniq_psyche
D:10:     grunt_tengu_nest
Lair:1:   st_stairs_4, minivault_24, nzn_random_ring
Lair:2:   guppyfry_snake_entry_island, serial_bayou_shore_a

Skill      XL: |  1  2  3  4  5  6  7  8  9 10 11 12 |
---------------+-------------------------------------+-----
Fighting       | 1 2 3 4 5 6 7 |  7.7
Unarmed Combat | 4 5 6 8 10 12 | 12.1
Poison Magic   | 1 2 3 |  3.0
Transmutations | 3 4 7 |  7.0
Dodging        | 2 5 6 7 |  7.0
Stealth        | 1 3 4 |  4.8
Ice Magic      | 5 |  5.0
Spellcasting   | 3 4 |  4.0
Invocations    | 3 |  3.1

Action                   |  1- 3 |  4- 6 |  7- 9 | 10-12 || total
-------------------------+-------+-------+-------+-------++-------
Melee: Unarmed           |    81 |   155 |   195 |   264 ||   695
       Bite              |    15 |    22 |    55 |    77 ||   169
       Headbutt          |     2 |       |     2 |    29 ||    33
       Kick              |    13 |    23 |    50 |    79 ||   165
       Punch             |       |     2 |     6 |    12 ||    20
 Fire: Hunting sling     |       |       |    52 |    76 ||   128
 Cast: Beastly Appendage |    26 |    18 |    29 |    19 ||    92
       Sticks to Snakes  |     4 |    28 |    30 |    19 ||    81
       Spider Form       |       |    13 |     8 |     9 ||    30
       Ice Form          |       |       |       |     5 ||     5
Invok: Line Pass         |       |     1 |     1 |     2 ||     4
       Stomp             |       |       |       |     3 ||     3
 Abil: End Transformatio |       |       |     1 |       ||     1
Evoke: Wand              |       |     1 |    11 |     9 ||    21
  Use: Scroll            |       |     3 |    11 |     3 ||    17
       Potion            |       |       |     4 |     3 ||     7
 Stab: Sleeping          |       |     2 |     7 |     7 ||    16
       Paralysed         |       |       |     6 |    13 ||    19
       Distracted        |       |       |     2 |     2 ||     4
       Confused          |       |       |       |     1 ||     1
  Eat: Chunk             |     2 |     9 |    12 |    15 ||    38
Armor: Robe              |    11 |    14 |    20 |    15 ||    60
       Skin              |       |     1 |     2 |     4 ||     7
Dodge: Dodged            |    37 |    81 |   104 |   199 ||   421

Table legend:
 A = Spawn XP
 B = Non-spawn XP
 C = Spawn XP percentage of total XP
 D = Spawn monster count
 E = Non-spawn monster count
 F = Spawn count percentage of total count
 G = Total turns spent on level
                    A         B        C        D         E        F      G
               +---------+---------+-------+---------+---------+-------+---------
         Total |       0 |   23243 |   0.0 |       0 |     308 |   0.0 |  8221
               +---------+---------+-------+---------+---------+-------+---------
           D:1 |       0 |      33 |   0.0 |       0 |      18 |   0.0 |   863
           D:2 |       0 |     201 |   0.0 |       0 |      31 |   0.0 |   674
           D:3 |       0 |     312 |   0.0 |       0 |      41 |   0.0 |   952
           D:4 |       0 |     439 |   0.0 |       0 |      30 |   0.0 |   700
           D:5 |       0 |    1339 |   0.0 |       0 |      27 |   0.0 |   887
           D:6 |       0 |     514 |   0.0 |       0 |      23 |   0.0 |   680
           D:7 |       0 |    1017 |   0.0 |       0 |      22 |   0.0 |   377
           D:8 |       0 |    1380 |   0.0 |       0 |      17 |   0.0 |   366
           D:9 |       0 |    1659 |   0.0 |       0 |      18 |   0.0 |   781
          D:10 |       0 |    4035 |   0.0 |       0 |      27 |   0.0 |   871
        Lair:1 |       0 |    6670 |   0.0 |       0 |      28 |   0.0 |   793
        Lair:2 |       0 |    5644 |   0.0 |       0 |      26 |   0.0 |   277
               +---------+---------+-------+---------+---------+-------+---------
